 Dungeon Crawl Stone Soup version 0.29-a0-474-gdfe5cd140f (webtiles) character file.

Game seed: 13458968943409347910

26 Zeld the Bolt Thrower (level 2, 26/26 HPs)
             Began as a Minotaur Hunter on May 23, 2022.
             Quit the game on level 2 of the Dungeon.
             The game lasted 00:00:35 (859 turns).

Zeld the Bolt Thrower (Minotaur Hunter)              Turns: 859, Time: 00:00:36

Health: 26/26      AC:  3    Str: 15    XL:     2   Next: 89%
Magic:  1/1        EV: 12    Int:  6    God:
Gold:   148        SH:  0    Dex: 13    Spells: 1/1 levels left

rFire   . . .      SeeInvis .   a - +1 hand crossbow
rCold   . . .      Faith    .   (no shield)
rNeg    . . .      Spirit   .   b - +0 leather armour
rPois   .          Reflect  .   (helmet restricted)
rElec   .          Harm     .   (no cloak)
rCorr   .          Rampage  .   (no gloves)
Will    .....                   (no boots)
Stlth   +.........              (no amulet)
HPRegen 0.08/turn               (no ring)
MPRegen 0.07/turn               (no ring)

@: no status effects
A: horns 2, retaliatory headbutt
a: no special abilities


You were on level 2 of the Dungeon.
You visited 1 branch of the dungeon, and saw 2 of its levels.

You collected 148 gold pieces.

Inventory:

Hand Weapons
 a - a +1 hand crossbow (weapon)
Armour
 b - a +0 leather armour (worn)
Scrolls
 c - a scroll of immolation
 d - a scroll of identify {unknown}
 e - 2 scrolls of enchant armour {unknown}
 h - a scroll of noise {unknown}
 i - a scroll of magic mapping {unknown}
Potions
 f - 2 potions of curing {unknown}
 g - a potion of lignification {unknown}
 j - a potion of might {unknown}
 k - a potion of haste {unknown}


   Skills:
 + Level 3.0 Fighting
 * Level 4.9 Crossbows
 + Level 2.6 Dodging
 - Level 0.7 Stealth


You had one spell level left.
You didn't know any spells.
Your spell library contained the following spells:

 Spells                   Type           Power      Damage    Failure   Level
 Summon Small Mammal      Summ           0%         N/A       52%         1
 Call Canine Familiar     Summ           0%         N/A       88%         3
 Summon Guardian Golem    Hex/Summ       0%         N/A       88%         3


Dungeon Overview and Level Annotations

Branches:
Dungeon (2/15)

Altars:


Innate Abilities, Weirdness & Mutations

You have a pair of horns on your head.
You reflexively headbutt those who attack you in melee.


Message History

You open the door.
There is an open door here.
You open the door.
There is an open door here.
There is a stone staircase leading down here.
Found an escape hatch in the floor.
A bat comes into view.
Found 13 gold pieces.
Found a stone staircase leading down.
You shoot a bolt. The bolt hits the bat.
You kill the bat!
Your Fighting skill increases to level 3!
There is a stone staircase leading down here.
You now have 123 gold pieces (gained 13).
There is a stone staircase leading down here.
There is an escape hatch in the floor here.
You open the door.
There is an open door here.
You now have 130 gold pieces (gained 7).
Key pressed, stopping explore.
No target in view!
There is an open door here.
There is an escape hatch in the floor here.
Key pressed, stopping explore.
No target in view!
No target in view!
There is a stone staircase leading down here.
You see here a bat corpse.
Found a leather armour.
No target in view!
You pick up a book of Callings and begin reading...
You add the spells Summon Small Mammal, Call Canine Familiar and Summon Guardian Golem to your library.
No target in view!
You see here a +0 leather armour.
You now have 148 gold pieces (gained 18).
Found a stone staircase leading up.
No target in view!
A rat comes into view.
Found a scroll labelled XAMOODEIHI.
Okay, then.
Are you sure you want to abandon this character and quit the game? (Confirm with "yes".)

...#?..# #
.#$...#
.#.....##
#.......#
#####
..#.....#
....#
r#..#....#
.####
.....#!..# .#
#.....@.# .#
.........# .#
####.#.#<#.#
.# #..#..
#.#.# .#
#..#######.##
.#
#...[.......#
.#
#.###########
.# #.#
.#######.#


You could see a rat (asleep).

Vanquished Creatures
  An adder (D:2)
  A dart slug (D:1)
  3 endoplasms (D:1)
  3 giant cockroaches
  A goblin (D:1)
  A hobgoblin (D:1)
  A bat (D:2)
  2 kobolds (D:1)
  A rat (D:1)
14 creatures vanquished.

Notes
Turn   | Place    | Note
-------+----------+-------------------------------------------
     0 | D:1      | Zeld the Minotaur Hunter began the quest for the Orb.
     0 | D:1      | Reached XP level 1. HP: 18/18 MP: 0/0
    60 | D:1      | You fall into a shaft and drop 1 floor!
   347 | D:1      | Reached XP level 2. HP: 25/25 MP: 1/1
   859 | D:2      | Quit the game

Illustrated notes

Levels and vault maps discovered:
D:1:      minmay_arrival_diagonal_passages, layout_basic, nrook_campfire
D:2:      layout_basic, hangedman_decor_opposing, kennysheep_nondescript

Skill      XL: |  1  2 |
---------------+-------+-----
Fighting       | 3 |  3.0
Crossbows      | |  4.9
Dodging        | |  2.6
Stealth        | |  0.7

Action                   || total
-------------------------++-------
 Fire: Hand crossbow     ||    26
Armor: Leather armour    ||     2
Dodge: Dodged            ||     4

Table legend: (Time is in decaauts)
 A = Elapsed time spent in this place.
 B = Non-inter-level travel time spent in this place.
 C = Inter-level travel time spent in this place.
 D = Time resting spent in this place.
 E = Time spent auto-exploring this place.
 F = Levels seen in this place.
 G = Mean time per level.
                   A        B        C        D        E       F      G
               +--------+--------+--------+--------+--------+-----+--------+
         Total |    865 |    824 |     41 |      0 |    746 |   2 |  432.5 |
       Dungeon |    865 |    824 |     41 |      0 |    746 |   2 |  432.5 |
               +--------+--------+--------+--------+--------+-----+--------+

Top non-repeatable levels by time:
     D:1: 517 daAuts
     D:2: 348 daAuts
